 Dungeon Crawl Stone Soup version 0.31-a0-1074-g0b22e4e0f1 (webtiles) character file.

Game seed: 3625731389247101261

153 CowFu the Changeling (level 5, -8/40 HPs)
             Began as a Draconian Shapeshifter on Dec 1, 2023.
             Was a Believer of Kikubaaqudgha.
             Mangled by Blork the orc
             ... wielding a +0 war axe
              (13 damage)
             ... on level 3 of the Dungeon.
             The game lasted 00:06:19 (2080 turns).

CowFu the Changeling (Draconian Shapeshifter)       Turns: 2080, Time: 00:06:20

Health: -8/40      AC:  5    Str: 19    XL:     5   Next: 12%
Magic:  1/5        EV: 12    Int: 10    God:    Kikubaaqudgha [**....]
Gold:   147        SH:  0    Dex: 10    Spells: 3/4 levels left

rFire   . .          .
                       - Unarmed
rCold   . . .        (no shield)
rNeg    . . .        (body armour unavailable)
rPois   .            (helmet currently unavailable)
rElec   .            (cloak currently unavailable)
rCorr   .            (gloves currently unavailable)
SInv    .            (boots currently unavailable)
Will    +....        (no amulet)
Stlth   +            t - ring of willpower
HPRegen 0.26/turn    (no ring)
MPRegen 0.09/turn

%: no passive effects
@: brilliant, beast-form, very slightly contaminated
A: beast (slay +3), AC +5, unfitting armour, cold-blooded
a: Begin Untransformation, Renounce Religion, Unearth Wretches


You were on level 3 of the Dungeon.
You worshipped Kikubaaqudgha.
Kikubaaqudgha was pleased with you.
You were a hulking beast.
You visited 1 branch of the dungeon, and saw 4 of its levels.

You collected 147 gold pieces.

Inventory:

Armour
 q - a +0 pair of boots
Jewellery
 t - a ring of willpower (left hand)
Talismans
 b - a beast talisman
 c - a flux talisman
Scrolls
 d - 4 scrolls of identify {unknown}
 e - 2 scrolls of poison {unknown}
 g - a scroll of immolation {unknown}
 h - 4 scrolls of amnesia {unknown}
 i - a scroll of revelation {unknown}
 k - a scroll of torment {unknown}
 l - 4 scrolls of teleportation {unknown}
 n - 2 scrolls of fear {unknown}
 o - a scroll of butterflies {unknown}
 p - a scroll of silence {unknown}
 s - a scroll of enchant armour {unknown}
Potions
 a - a potion of lignification
 j - a potion of magic {unknown}
 m - a potion of ambrosia {unknown}
 r - a potion of might {unknown}


   Skills:
 - Level 1.1 Fighting
 - Level 1.7 Dodging
 - Level 3.0 Unarmed Combat
 + Level 5.5 Shapeshifting


You had 3 spell levels left.
You knew the following spells:

 Your Spells              Type           Power      Damage    Failure   Level
a - Necrotise             Necr           0%         1d4       36%         1

Your spell library contained the following spells:

 Spells                   Type           Power      Damage    Failure   Level
 Summon Small Mammal      Summ           0%         N/A       36%         1
 Cigotuvi's Dreadful Rot  Necr/Pois/Air  0%         N/A       50%         2
 Scorch                   Fire           0%         2d5       50%         2
 Call Canine Familiar     Summ           0%         N/A       75%         3
 Ignite Poison            Fire/Tmut/Pois 0%         N/A       75%         3
 Stone Arrow              Conj/Erth      0%         3d7       75%         3
 Summon Guardian Golem    Hex/Summ       0%         N/A       75%         3
 Vampiric Draining        Necr           0%         2d6       75%         3
 Animate Dead             Necr           0%         N/A       98%         4
 Flame Wave               Conj/Fire      0%         2d4       98%         4
 Sticky Flame             Conj/Fire      0%         2d3       98%         4
 Summon Cactus Giant      Summ           0%         N/A       100%        6
 Ignition                 Fire           0%         3d3       100%        8
 Lehudib's Crystal Spear  Conj/Erth      0%         10d2      100%        8
 Animate Armour           Summ/Erth      Unusable   N/A       N/A         4

Dungeon Overview and Level Annotations

Branches:
Dungeon (4/15)
 Temple: D:4-7

Altars:
Kikubaaqudgha

Annotations:
D:3 Blork the orc
D:4 1 transporter, Sigmund


Innate Abilities, Weirdness & Mutations

You are a hulking beast.
Your limbs bulge with bestial killing power. (Slay +3)
Your plain brown scales are hard. (AC +5)
You cannot fit into any form of body armour.
You are cold-blooded and may be slowed by cold attacks.


Message History

Casting: Necrotise (safe; 36% risk of failure)
Confirm with . or Enter, or press ? or * to list all spells.
Okay, then.
You are too injured to fight recklessly!
Casting: Necrotise (safe; 36% risk of failure)
Confirm with . or Enter, or press ? or * to list all spells.
Aiming: Necrotise (safe; 36% risk of failure)
Press: ? - help, Shift-Dir - straight line, f - Blork the orc
Aim: Blork the orc, wielding a +0 war axe and wearing a +2 robe of willpower (moderately wounded, chance to affect: 8%)
You feel a surge of power!
Blork the orc resists with almost no effort.
Blork the orc screams, "I'll break your arms!"
Blork the orc hits you but does no damage.
Casting: Necrotise (safe; 36% risk of failure)
Confirm with . or Enter, or press ? or * to list all spells.
Aiming: Necrotise (safe; 36% risk of failure)
Press: ? - help, Shift-Dir - straight line, f/p - Blork the orc
Aim: Blork the orc, wielding a +0 war axe and wearing a +2 robe of willpower (moderately wounded, chance to affect: 8%)
You feel a surge of power!
You miscast Necrotise.
You are very lightly contaminated with residual magic.
Nothing appears to happen.
Blork the orc hits you with a +0 war axe!
* * * LOW HITPOINT WARNING * * *
Casting: Necrotise (safe; 36% risk of failure)
Confirm with . or Enter, or press ? or * to list all spells.
Aiming: Necrotise (safe; 36% risk of failure)
Press: ? - help, Shift-Dir - straight line, f/p - Blork the orc
Aim: Blork the orc, wielding a +0 war axe and wearing a +2 robe of willpower (moderately wounded, chance to affect: 8%)
You feel a surge of power!
Blork the orc writhes in agony.
Blork the orc misses you.
Casting: Necrotise (safe; 36% risk of failure)
Confirm with . or Enter, or press ? or * to list all spells.
Aiming: Necrotise (safe; 36% risk of failure)
Press: ? - help, Shift-Dir - straight line, f/p - Blork the orc
Aim: Blork the orc, wielding a +0 war axe and wearing a +2 robe of willpower (moderately wounded, chance to affect: 8%)
You feel a surge of power!
Blork the orc resists with almost no effort.
Blork the orc hits you with a +0 war axe!
You die...
Kikubaaqudgha rasps: "You have failed me!
Welcome... death!"

#....#.....###...
#....#.....###...
####...........##
#####...........#
#...............#
#...............##
#...........<.....
#.......##........
###h......##........
#...o......#####....
#..........# #....
#..........# #....
#..........# ###..
#..........# ###
#..........#####
####.....<.....#
#...........#


You could see Blork the orc.

Vanquished Creatures
  A scorpion (D:4)
  4 adders
  A worm (D:2)
  An orc (D:3)
  5 ball pythons
  3 bats
  6 endoplasms
  2 giant cockroaches
  3 goblins
  6 hobgoblins
  2 jackals (D:1)
  5 kobolds
  3 quokkas
  3 frilled lizards
  A rat (D:1)
46 creatures vanquished.

Notes
Turn   | Place    | Note
-------+----------+-------------------------------------------
     0 | D:1      | CowFu the Draconian Shapeshifter began the quest for the
                  | Orb.
     0 | D:1      | Reached XP level 1. HP: 16/16 MP: 1/1
    82 | D:1      | Reached XP level 2. HP: 21/23 MP: 2/2
   126 | D:1      | Found a faded altar of an unknown god.
   156 | D:1      | Prayed at the altar of an unknown god.
   156 | D:1      | Became a worshipper of Kikubaaqudgha
   156 | D:1      | Reached * piety under Kikubaaqudgha
   156 | D:1      | Received a gift from Kikubaaqudgha
   445 | D:1      | Reached skill level 4 in Shapeshifting
   815 | D:2      | Reached XP level 3. HP: 28/28 MP: 3/3
   817 | D:2      | Learned a level 1 spell: Necrotise
  1250 | D:2      | Reached ** piety under Kikubaaqudgha
  1251 | D:2      | Reached XP level 4. HP: 9/35 MP: 4/4
  1934 | D:4      | Noticed Blork the orc
  1934 | D:4      | Noticed Sigmund
  1953 | D:4      | Noticed a scorpion
  1980 | D:4      | Killed a scorpion
  1981 | D:4      | Reached skill level 5 in Shapeshifting
  1981 | D:4      | Reached XP level 5. HP: 28/40 MP: 5/5
  2061 | D:4      | Found a transporter.
  2080 | D:3      | Mangled by Blork the orc

Illustrated notes

Levels and vault maps discovered:
D:1:      lightli_arrival_maybe_door_vault, layout_basic,
          dreamdust_ecumenical_altar_angels_and_demons, minivault_23
D:2:      minmay_alternating_diamond, layout_rooms, minivault_24,
          kennysheep_generic_room_10
D:3:      minmay_spotlight, layout_basic, minmay_distorted
D:4:      gammafunk_steamed_eel, layout_rooms,
          nicolae_hepliaklqana_monster_ancestors, nicolae_gozag_seed_capital,
          mainiacjoe_overflow_two_lobes, uniq_blork_the_orc, uniq_duvessa,
          uniq_sigmund

Skill      XL: |  1  2  3  4 |
---------------+-------------+-----
Shapeshifting  | 4 5 |  5.5
Fighting       | |  1.1
Dodging        | |  1.7
Unarmed Combat | |  3.0

Action                     |  1- 3 |  4- 6 || total
---------------------------+-------+-------++-------
  Melee: Unarmed           |    99 |    36 ||   135
         Tailslap          |     7 |     3 ||    10
         Punch             |     1 |       ||     1
   Cast: Necrotise         |     6 |     3 ||     9
    Use: Potion            |       |     1 ||     1
   Stab: Sleeping          |     2 |       ||     2
 Armour: Skin              |    50 |    18 ||    68
  Dodge: Dodged            |    59 |    24 ||    83

Table legend: (Time is in decaauts)
 A = Elapsed time spent in this place.
 B = Non-inter-level travel time spent in this place.
 C = Inter-level travel time spent in this place.
 D = Time resting spent in this place.
 E = Time spent auto-exploring this place.
 F = Levels seen in this place.
 G = Mean time per level.
                   A        B        C        D        E       F      G
               +--------+--------+--------+--------+--------+-----+--------+
         Total |   2074 |   1868 |    206 |      0 |   1448 |   4 |  518.5 |
       Dungeon |   2074 |   1868 |    206 |      0 |   1448 |   4 |  518.5 |
               +--------+--------+--------+--------+--------+-----+--------+

Top non-repeatable levels by time:
     D:2: 700 daAuts
     D:1: 669 daAuts
     D:3: 578 daAuts
     D:4: 126 daAuts
